 Dungeon Crawl Stone Soup version 0.31.0-2-g5a2aebc5c2 (webtiles) character file.

Game seed: 17425589718456542430

977 Dirian the Cleaver (level 7, 0/53 (61) HPs)
             Began as a Minotaur Fighter on Jan 20, 2024.
             Was an Initiate of Okawaru.
             Killed by divine providence
             ... invoked by Jeremiah
              (10 damage)
             ... on level 5 of the Dungeon.
             The game lasted 00:06:05 (3844 turns).

Dirian the Cleaver (Minotaur Fighter)               Turns: 3844, Time: 00:06:05

HP:   0/53 (61)     AC: 12    Str: 23    XL:     7   Next: 95%
MP:   6/6           EV:  7    Int:  5    God:    Okawaru [......]
Gold: 354           SH:  8    Dex:  9    Spells: 6/6 levels left

rFire   . . .        a - +1 war axe
rCold   . . .        j - +0 kite shield
rNeg    + . .        k - +1 chain mail {rN+}
rPois   .            (helmet restricted)
rElec   .            (no cloak)
rCorr   .            e - +0 pair of gloves
SInv    +            (no boots)
Will    .....        (no amulet) Stlth
                     f - ring of see invisible
HPRegen 0.28/turn    r - +4 ring of slaying
MPRegen 0.10/turn

%: no passive effects
@: heavily drained
A: horns 2, retaliatory headbutt
a: Renounce Religion


You were on level 5 of the Dungeon.
You worshipped Okawaru.
Okawaru was noncommittal.
You visited 2 branches of the dungeon, and saw 7 of its levels.

You collected 354 gold pieces.

Inventory:

Hand Weapons
 a - a +1 war axe (weapon)
 b - a +2 flail of draining
Armour
 e - a +0 pair of gloves (worn)
 g - a +0 plate armour
 j - a +0 kite shield (worn)
 k - a +1 chain mail of positive energy (worn)
Jewellery
 f - a ring of see invisible (left hand)
 r - a +4 ring of slaying (right hand)
 s - a ring of protection from fire
Scrolls
 c - a scroll of fog
 i - 2 scrolls of enchant weapon
 l - a scroll of immolation
 t - 2 scrolls of teleportation
 v - a scroll of blinking {unknown}
Potions
 d - 2 potions of might
 h - 4 potions of haste
 m - 2 potions of brilliance
 n - a potion of resistance {unknown}
 o - a potion of degeneration {unknown}
 p - a potion of experience {unknown}
 q - a potion of curing
 u - a potion of berserk rage {unknown}
 w - a potion of heal wounds


   Skills:
 + Level 5.2 Fighting
 + Level 8.0 Axes
 + Level 6.4 Armour
 + Level 5.5 Shields


You had 6 spell levels left.
You didn't know any spells.
Your spell library contained the following spells:

 Spells                   Type           Power      Damage    Failure   Level
 Magic Dart               Conj           0%         1d3       99%         1
 Shock                    Conj/Air       0%         1d3       99%         1
 Searing Ray              Conj           0%         2d4       100%        2
 Swiftness                Air            0%         N/A       100%        3
 Airstrike                Air            0%         2d(0-16)  100%        4
 Fulminant Prism          Conj/Alch      0%         3d5       100%        4
 Borgnjor's Vile Clutch   Necr/Erth      0%         N/A       100%        5
 Animate Dead             Necr           Unusable   N/A       N/A         4
 Death Channel            Necr           Unusable   N/A       N/A         6

Dungeon Overview and Level Annotations

Branches:
Dungeon (6/15) Zot: 26853  Temple (1/1) D:4 Zot: 5998

Altars:
Cheibriados
Dithmenos
Gozag
Kikubaaqudgha
Makhleb
Okawaru
Ru
Sif Muna
Uskayaw
Vehumet
Wu Jian
Xom
Zin
The Shining One

Annotations:
D:5 Jeremiah


Innate Abilities, Weirdness & Mutations

You have a pair of horns on your head.
You reflexively headbutt those who attack you in melee.


Message History

You partially resist.
You feel drained.
You climb upwards.
The butterfly disappears in a burst of colours! x4
There is a stone staircase leading down here.
You hit Jeremiah but do no damage.
Jeremiah is lightly wounded.
Jeremiah hits you with a +4 trident of draining.
You partially resist.
You feel drained.
You slash Jeremiah! Your headbutt misses Jeremiah.
Jeremiah is lightly wounded.
You closely miss the butterfly. You hit the butterfly.
You kill the butterfly!
The butterfly disappears in a burst of colours!
Jeremiah hits you with a +4 trident of draining!
You partially resist.
You feel drained. Jeremiah barely misses you.
You barely miss Jeremiah. You headbutt Jeremiah!
Jeremiah is moderately wounded.
You miss the butterfly. You hit the butterfly.
You kill the butterfly!
The butterfly disappears in a burst of colours!
You barely miss the butterfly. Jeremiah completely misses you.
You hit Jeremiah. You headbutt Jeremiah.
Jeremiah is heavily wounded.
You hit the butterfly.
You kill the butterfly!
The butterfly disappears in a burst of colours!
You barely miss the butterfly.
Jeremiah hits you with a +4 trident of draining.
You partially resist.
You feel drained.
You slice Jeremiah!!
Jeremiah is almost dead.
You miss the butterfly. x2; Jeremiah hops!
Jeremiah mumbles a slurred invocation.
Something smites you!
* * * LOW HITPOINT WARNING * * *
The butterfly disappears in a burst of colours!
Jeremiah shouts, "O dreadful one, destroy my foe!"
Something smites you!
You die...
Jeremiah says, "O terrible one, your will is done."

#.#...####..........
#..bb....'......)...
#####.#bF.####..........
#.b.bb.bb## ##.......#.
#.###b#b## ##.....##.
#.# #.#.# ##...###. #.#
#.#.### ##'## #. #.#
#...b.# #.# #.
#.#####@#.# #.#####
#.......#.# ##......
#########.## ##...####
#...#####.....#
#.#...†.##...##
#.(.###......# #####
####...# ##.## #.#


You could see Jeremiah.

Vanquished Creatures
  A black bear (D:4)
  2 ogres
  A phantom (D:5)
  A scorpion (D:4)
  A howler monkey (D:6)
  2 orc priests
  A gnoll bouda (D:5)
  4 iguanas
  3 orc wizards
  A sleepcap (D:5)
  9 gnolls
  7 adders
  2 ribbon worms
  A dart slug (D:5)
  25 orcs
  2 bats (D:3)
  5 endoplasms
  A giant cockroach (D:1)
  A hobgoblin (D:2)
  11 jackals
  3 kobolds
  A quokka (D:4)
  5 ball pythons
  2 frilled lizards
  4 goblins
  3 rats (D:2)
99 creatures vanquished.

Notes
Turn   | Place    | Note
-------+----------+-------------------------------------------
     0 | D:1      | Dirian the Minotaur Fighter began the quest for the Orb.
     0 | D:1      | Reached XP level 1. HP: 19/19 MP: 0/0
    37 | D:1      | You fall into a shaft and drop 1 floor!
    46 | D:2      | Reached XP level 2. HP: 17/27 MP: 1/1
   178 | D:1      | Reached XP level 3. HP: 13/31 MP: 2/2
   363 | D:1      | Reached skill level 3 in Axes
  1350 | D:3      | Found a shadowy altar of Dithmenos.
  1392 | D:3      | Identified the +2 robe "Wyhic" {Harm}
  1550 | D:3      | Reached XP level 4. HP: 33/41 MP: 3/3
  1627 | D:3      | Reached skill level 4 in Axes
  2112 | D:4      | Noticed an ogre
  2117 | D:4      | Noticed a black bear
  2118 | D:4      | Killed an ogre
  2119 | D:4      | Reached XP level 5. HP: 47/47 MP: 4/4
  2131 | D:4      | Killed a black bear
  2132 | D:4      | Reached skill level 5 in Axes
  2132 | D:4      | Reached skill level 5 in Armour
  2132 | D:4      | Reached XP level 6. HP: 32/53 MP: 5/5
  2257 | D:4      | Reached skill level 5 in Shields
  2295 | D:4      | Found a staircase to the Ecumenical Temple.
  2305 | D:4      | Reached skill level 6 in Axes
  2318 | Temple   | Entered the Ecumenical Temple
  2341 | D:4      | Found a sacrificial altar of Ru.
  2369 | D:4      | Found an opulent altar of Gozag.
  2617 | D:5      | Entered Level 5 of the Dungeon
  2622 | D:5      | Reached XP level 7. HP: 60/60 MP: 6/6
  2816 | D:5      | Reached skill level 7 in Axes
  3205 | D:5      | Reached skill level 5 in Fighting
  3212 | D:5      | Found an iron altar of Okawaru.
  3215 | D:5      | Became a worshipper of Warmaster Okawaru
  3800 | D:6      | Noticed Jeremiah
  3815 | D:6      | Reached skill level 8 in Axes
  3844 | D:5      | Killed from afar by Jeremiah

Illustrated notes

Levels and vault maps discovered:
D:1:      heliophobic_arrival_battle_scene, layout_rooms
D:2:      layout_basic
D:3:      layout_loops_corners, nicolae_dithmenos_the_darkroom, serial_rivers,
          chequers_serial_rivers_large_b, chequers_serial_rivers_large_a,
          chequers_serial_rivers_micro_c, chequers_serial_rivers_micro_b,
          chequers_serial_rivers_micro_d
D:4:      layout_gridville, lemuel_crystal_altar, old_standard_altar,
          minmay_temple_entry_offerings
D:5:      layout_loops_corners, kennysheep_mini_moat
D:6:      layout_loops_ring, beargit_hepliaklqana_dungeon_heroes,
          mainiacjoe_overflow_catwalk_spiral, kennysheep_big_empty_room,
          minmay_misc_feat_tiny, uniq_maggie, uniq_blork_the_orc, uniq_jeremiah
Temple:   eino_wide_crystal_templ

Skill      XL: |  1  2  3  4  5  6  7 |
---------------+----------------------+-----
Fighting       | 4 5 |  5.2
Armour         | 4 5 6 |  6.4
Shields        | 4 5 |  5.5
Axes           | 3 4 5 6 8 |  8.0

Action                     |  1- 3 |  4- 6 |  7- 9 || total
---------------------------+-------+-------+-------++-------
  Melee: War axe           |    68 |    82 |    69 ||   219
         Headbutt          |     4 |    16 |    15 ||    35
    Use: Scroll            |       |     9 |       ||     9
 Armour: Scale mail        |    40 |    31 |       ||    71
         Chain mail        |       |    67 |    67 ||   134
  Dodge: Dodged            |    37 |    34 |    18 ||    89
  Block: Buckler           |     5 |       |       ||     5
         Kite shield       |    20 |    51 |    25 ||    96
